 Dungeon Crawl Stone Soup version 0.24-a0-516-g9de272bb65 (webtiles) character file.

Game seed: 7193548754790079843

485 Goblin1989 the Changer (level 6, 0/43 HPs)
             Began as a Demonspawn Transmuter on July 22, 2019.
             Was an Initiate of Dithmenos.
             Slain by an orc warrior
             ... wielding a +0 flail
              (16 damage)
             ... on level 6 of the Dungeon.
             The game lasted 00:17:27 (6019 turns).

Goblin1989 the Changer (Demonspawn Transmuter)      Turns: 6019, Time: 00:17:27

Health: 0/43       AC: 11    Str: 10    XL:     6   Next: 88%
Magic:  10/10      EV: 12    Int: 16    God:    Dithmenos [......]
Gold:   111        SH:  0    Dex: 14    Spells: 5/11 levels left

rFire    . . .     SeeInvis .   a - +3 dagger (venom)
rCold    . . .     Gourm    .   (no shield)
rNeg     . . .     Faith    .   O - +0 robe
rPois    .         Spirit   .   (no helmet)
rElec    .         Reflect  .   (no cloak)
rCorr    .         Harm     .   (no gloves)
MR       .....                  (no boots)
Stlth    ++........             (no amulet)
HPRegen  0.14/turn              l - ring of flight
MPRegen  0.12/turn              (no ring)

@: sanguine armour
A: powered by pain 1, sanguine armour 2
a: Renounce Religion, Evoke Flight


You were on level 6 of the Dungeon.
You worshipped Dithmenos.
Dithmenos was noncommittal.
You were not hungry.

You visited 1 branch of the dungeon, and saw 7 of its levels.

You collected 226 gold pieces.
You spent 115 gold pieces at shops.

Inventory:

Hand Weapons
 a - a +3 dagger of venom (weapon)
 b - a +2 dagger of electrocution
 B - a +0 spear of venom
 H - a +0 hunting sling
Missiles
 u - 6 atropa-tipped darts
 v - 169 stones {@Q3}
 y - 33 poisoned darts (quivered)
 D - 33 sling bullets
 F - 32 arrows
 R - 8 boomerangs
Armour
 r - a +0 shield
 O - a +0 robe (worn)
 P - a +0 cloak
Jewellery
 k - an uncursed amulet of guardian spirit
 l - a ring of flight (left hand)
 T - an uncursed ring of poison resistance {unknown}
Scrolls
 g - 2 scrolls of noise {unknown}
 i - 2 scrolls of teleportation {!r, @r2}
 n - 7 scrolls of identify {@r1}
 s - a scroll of enchant weapon {unknown}
 I - 2 scrolls of amnesia {unknown}
 J - 2 scrolls of remove curse {@r3}
 M - 2 scrolls of magic mapping
 S - a scroll of immolation {unknown}
Potions
 f - 4 potions of brilliance {unknown}
 m - 3 potions of magic {unknown}
 o - 4 potions of lignification {unknown}
 p - 2 potions of curing {unknown}
 t - a potion of flight {unknown}
 z - 2 potions of haste {@q3,}
 A - a potion of degeneration {unknown}
 N - a potion of agility {unknown}
Comestibles
 e - 10 rations


   Skills:
 + Level 1.5 Fighting
 * Level 1.5 Short Blades
 + Level 2.4 Throwing
 + Level 2.1 Dodging
 + Level 1.0 Stealth
 - Level 2.6 Unarmed Combat
 - Level 3.0 Spellcasting
 - Level 5.0 Transmutations


You had 5 spell levels left.
You knew the following spells:

 Your Spells              Type           Power        Failure   Level  Hunger
a - Beastly Appendage     Tmut           ###...       2%          1    #......
b - Sticks to Snakes      Tmut           ###.....     3%          2    ##.....
c - Spider Form           Tmut/Pois      ##........   21%         3    ###....

Your spell library contained the following spells:

 Spells                   Type           Power        Failure   Level  Hunger
 Ice Form                 Ice/Tmut       ##......     54%         4    #####..
 Blade Hands              Tmut           ###.......   54%         5    ######.


Dungeon Overview and Level Annotations

Branches:
Dungeon (7/15)
 Temple: D:4-7

Altars:
Ashenzari
Dithmenos
Fedhas
Nemelex Xobeh
Qazlal
Ru
Vehumet
Zin

Shops:
D:4 ?


Innate Abilities, Weirdness & Mutations

You sometimes gain a little power by taking damage.
When seriously injured, your bleeding wounds create thick armour. (AC +9)


Message History

Adjust (i)tems, (s)pells, or (a)bilities?
Adjust which item? (? for menu, Esc to quit)
O - a +2 dagger of electrocution Adjust to which letter? (? for menu, Esc to quit)
b - a +2 dagger of electrocution;
O - a +0 robe (worn)
There is a stone staircase leading down here.
You open the door.
There is an open door here.
T - an onyx ring
Found a shadowy altar of Dithmenos.
There is a shadowy altar of Dithmenos here.
You kneel at the altar of Dithmenos.
Dithmenos welcomes you!
Unknown command.
Press < or > to pray at altars.
A bullfrog skeleton comes into view.
A bullfrog skeleton is nearby!
The bullfrog skeleton hits you but does no damage.
Your +3 dagger of venom stops dripping with poison.
You hear the crackle of electricity.
b - a +2 dagger of electrocution (weapon)
The bullfrog skeleton barely misses you.
You hit the bullfrog skeleton.
The bullfrog skeleton is lightly damaged.
The bullfrog skeleton hits you.
You take 6 damage, and have 37/43 hp.
You hit the bullfrog skeleton.
Lightning courses through the bullfrog skeleton!
The bullfrog skeleton is almost destroyed.
The bullfrog skeleton hits you.
You take 4 damage, and have 33/43 hp.
You hit the bullfrog skeleton.
You destroy the bullfrog skeleton!
Dithmenos accepts your kill.
Your Stealth skill increases to level 1!
Unknown command.
Unknown command.
Your +2 dagger of electrocution stops crackling.
Your +3 dagger of venom begins to drip with poison!
a - a +3 dagger of venom (weapon)
Unknown command.
Your +3 dagger of venom stops dripping with poison.
You hear the crackle of electricity.
b - a +2 dagger of electrocution (weapon)
Your +2 dagger of electrocution stops crackling.
Your +3 dagger of venom begins to drip with poison!
a - a +3 dagger of venom (weapon)
HP restored.
You open the door.
There is an open door here.
You now have enough gold to buy a scroll of silence on D:4.
You can access your shopping list by pressing '$'.
You now have 91 gold pieces (gained 20).
You now have 111 gold pieces (gained 20).
There is an open door here.
You open the door.
There is an open door here.
You open the door.
There is an open door here.
e - 10 rations (gained 1) Health restored: 43 You open the door.
A quokka comes into view.
A quokka is nearby!
There is an open door here.
The helpless quokka fails to defend itself.
You puncture the quokka!
You kill the quokka!
Dithmenos accepts your kill.
No target in view!
An orc and an orc warrior come into view.
The orc warrior shouts!
The orc shouts!
You hear a shout!
The orc warrior moves out of view.
You see here a quokka corpse.
An orc is nearby! 2 orcs come into view.
The orc shouts!
The orc shouts!
The orc warrior hits you with a +0 flail!
The orc closely misses you.
You take 13 damage, and have 30/43 hp.
MASSIVE DAMAGE!!
There is an open door here.
Press: ? - help, v - describe, . - travel
Here: an orc warrior, wielding a +0 flail and wearing a +0 chain mail The floor.
Unknown command.
You hit the orc warrior but do no damage.
The orc warrior hits you with a +0 flail!
* * * LOW HITPOINT WARNING * * *
Your blood congeals into armour.
You take 14 damage, and have 16/43 hp.
MASSIVE DAMAGE!!
You hit the orc warrior but do no damage.
The orc warrior hits you with a +0 flail.
* * * LOW HITPOINT WARNING * * *
You take 1 damage, and have 16/43 hp.
You barely miss the orc warrior.
You hit the orc warrior but do no damage.
The orc warrior is poisoned.
The orc warrior hits you with a +0 flail!
You die...

.........█ █.........
█.........█ █.........
█..███▲██.█ █.........
█..███.██.████████......
█................█......
█................█......
█................█......
█................█......
█......@.........▲.§§.§§
█..███o████.████▲█..█§█§
........█..███o███████.....█§§§█
........█....o.......█....█.█§█§
........█....o.......█.....§§§§§
........█............█....█§█.█§
........█............█.....█.§§█
........█............█......█§█.
........██∆███████████..........


You could see an orc warrior and 3 orcs.

Vanquished Creatures
  An ice beast (D:7)
  An ogre (D:4)
  A howler monkey (D:4)
  A crimson imp (D:7)
  A bullfrog skeleton (D:6)
  A hound (D:2)
  An orc wizard (D:4)
  4 adders
  An adder zombie (D:5)
  5 worms
  2 dart slugs
  3 leopard geckos
  7 orcs
  5 bats
  6 giant cockroaches
  5 hobgoblins
  5 jackals
  3 quokkas
  A ball python (D:3)
  4 frilled lizards
  10 goblins
  13 kobolds
  9 rats
90 creatures vanquished.

Vanquished Creatures (collateral kills)
  An adder (D:2)
  A worm (D:2)
2 creatures vanquished.

Grand Total: 92 creatures vanquished

Notes
Turn   | Place    | Note
-------+----------+-------------------------------------------
     0 | D:1      | Goblin1989 the Demonspawn Transmuter began the quest for
                  | the Orb.
     0 | D:1      | Reached XP level 1. HP: 15/15 MP: 3/3
    62 | D:1      | Reached skill level 2 in Transmutations
   209 | D:1      | Gained mutation: When seriously injured, your bleeding
                  | wounds create armour. (AC +9) [demonic ancestry]
   209 | D:1      | Reached XP level 2. HP: 7/21 MP: 5/5
   460 | D:1      | Learned a level 2 spell: Sticks to Snakes
  1393 | D:2      | Reached XP level 3. HP: 18/26 MP: 2/6
  1398 | D:2      | Learned a level 3 spell: Spider Form
  1631 | D:2      | Reached skill level 3 in Transmutations
  1786 | D:2      | Found a stormy altar of Qazlal.
  2086 | D:2      | Found a shattered altar of Ashenzari.
  2086 | D:2      | Found a sacrificial altar of Ru.
  2379 | D:2      | Found a blossoming altar of Fedhas.
  2404 | D:2      | Found a glowing silver altar of Zin.
  2523 | D:2      | Reached XP level 4. HP: 24/32 MP: 3/8
  3470 | D:3      | Reached skill level 1 in Throwing
  3876 | D:3      | Gained mutation: When seriously injured, your bleeding
                  | wounds create thick armour. (AC +9) [demonic ancestry]
  3876 | D:3      | Reached XP level 5. HP: 29/37 MP: 9/9
  3896 | D:3      | Reached skill level 4 in Transmutations
  4063 | D:3      | Found a sparkling altar of Nemelex Xobeh.
  4709 | D:4      | Found Ses Tawk's Magic Scroll Shoppe.
  4714 | D:4      | Bought a scroll of magic mapping for 35 gold pieces
  4714 | D:4      | Bought a scroll of identify for 20 gold pieces
  4714 | D:4      | Bought a scroll of remove curse for 30 gold pieces
  4714 | D:4      | Bought a scroll of teleportation for 30 gold pieces
  4813 | D:4      | Noticed an ogre
  4834 | D:4      | Killed an ogre
  5096 | D:4      | Found a blossoming altar of Fedhas.
  5111 | D:4      | Gained mutation: You sometimes gain a little power by
                  | taking damage. [demonic ancestry]
  5111 | D:4      | Reached XP level 6. HP: 37/43 MP: 10/10
  5242 | D:4      | Found a radiant altar of Vehumet.
  5555 | D:5      | Entered Level 5 of the Dungeon
  5598 | D:5      | You fall into a shaft and drop 2 floors!
  5599 | D:7      | Noticed an ice beast
  5610 | D:7      | Killed an ice beast
  5610 | D:7      | Reached skill level 1 in Short Blades
  5610 | D:7      | Reached skill level 5 in Transmutations
  5821 | D:6      | Found a shadowy altar of Dithmenos.
  5829 | D:6      | Became a worshipper of Dithmenos the Shadowed
  5851 | D:6      | Reached skill level 1 in Stealth
  6001 | D:6      | Noticed an orc warrior
  6019 | D:6      | Slain by an orc warrior

Levels and vault maps discovered:
D:1:      eino_arrival_water_star, layout_loops_ring, minmay_unequal
D:2:      layout_basic, grunt_temple_overflow_forces_of_nature, zin_academy,
          gammafunk_temple_overflow_wave, first_ration
D:3:      corexii_shack_village, layout_rooms, nemelex_diamond_rough_becter
D:4:      layout_gridville, lemuel_coloured_pillars_altar, serial_shops,
          kennysheep_little_box, fedhas_altar_1
D:5:      layout_basic, old_standard_altar, minmay_temple_entry_enclosed_plants,
          serial_shops, nicolae_shop_crystal, uniq_blork_the_orc
D:6:      layout_gridville, lemuel_round_altar, minmay_misc_feat_iff,
          grunt_dithmenos_smoke_and_mirrors
D:7:      minmay_cornered_nines, layout_rooms

Skill      XL: |  1  2  3  4  5  6 |
---------------+-------------------+-----
Transmutations | 2 3 4 5 |  5.0
Spellcasting   | 3 |  3.0
Throwing       | 1 2 |  2.4
Short Blades   | 1 |  1.5
Dodging        | 2 |  2.1
Stealth        | 1 |  1.0
Fighting       | |  1.5
Unarmed Combat | |  2.6

Action                   |  1- 3 |  4- 6 || total
-------------------------+-------+-------++-------
Melee: Unarmed           |   125 |    46 ||   171
       Headbutt          |     7 |       ||     7
       Kick              |     5 |     6 ||    11
       Punch             |     2 |     1 ||     3
       Dagger            |       |   126 ||   126
Throw: Dart              |       |    11 ||    11
 Cast: Beastly Appendage |    29 |     3 ||    32
       Sticks to Snakes  |    10 |     2 ||    12
       Spider Form       |       |     3 ||     3
 Stab: Sleeping          |       |     2 ||     2
  Eat: Chunk             |     6 |    10 ||    16
       Ration            |       |     1 ||     1
Armor: Robe              |    34 |    27 ||    61
Dodge: Dodged            |    80 |   100 ||   180

Table legend:
 A = Non-vault XP
 B = Vault XP
 C = Vault XP percentage of total XP
 D = Non-vault monster count
 E = Vault monster count
 F = Vault count percentage of total count
                 A         B        C        D         E       F
            +---------+---------+-------+---------+---------+-------
      Total |     668 |      26 |   3.7 |      78 |      14 |  15.2
            +---------+---------+-------+---------+---------+-------
        D:1 |      28 |       6 |  17.6 |      17 |       3 |  15.0
        D:2 |     105 |       0 |   0.0 |      21 |       0 |   0.0
        D:3 |      81 |      20 |  19.8 |      27 |      11 |  28.9
        D:4 |     219 |       0 |   0.0 |       8 |       0 |   0.0
        D:5 |       6 |       0 |   0.0 |       1 |       0 |   0.0
        D:6 |      43 |       0 |   0.0 |       2 |       0 |   0.0
        D:7 |     186 |       0 |   0.0 |       2 |       0 |   0.0
            +---------+---------+-------+---------+---------+-------

Levels and vault maps discovered:
D:1:      eino_arrival_water_star, layout_loops_ring, minmay_unequal
D:2:      layout_basic, grunt_temple_overflow_forces_of_nature, zin_academy,
          gammafunk_temple_overflow_wave, first_ration
D:3:      corexii_shack_village, layout_rooms, nemelex_diamond_rough_becter
D:4:      layout_gridville, lemuel_coloured_pillars_altar, serial_shops,
          kennysheep_little_box, fedhas_altar_1
D:5:      layout_basic, old_standard_altar, minmay_temple_entry_enclosed_plants,
          serial_shops, nicolae_shop_crystal, uniq_blork_the_orc
D:6:      layout_gridville, lemuel_round_altar, minmay_misc_feat_iff,
          grunt_dithmenos_smoke_and_mirrors
D:7:      minmay_cornered_nines, layout_rooms
